 Dungeon Crawl Stone Soup version 0.26.1-11-gd32895ea62 (webtiles) character file.

Game seed: 605023153483446856

57424 infcreate the Fighter (level 15, -2/122 HPs)
             Began as a Human Berserker on May 21, 2021.
             Was a High Priest of Trog.
             Drowned by a drowned soul (11 damage)
             ... summoned by a merfolk avatar
             ... on level 6 of the Lair of Beasts on May 22, 2021.
             The game lasted 01:40:44 (27743 turns).

infcreate the Fighter (Human Berserker)            Turns: 27743, Time: 01:40:45

Health: -2/122     AC: 26    Str: 23    XL:     15   Next: 26%
Magic:  15/15      EV: 17    Int:  8    God:    Trog [*****.]
Gold:   2208       SH:  0    Dex: 13    Spells: 14/14 levels left

rFire    . . .     SeeInvis .   u - +5 triple sword (freeze)
rCold    + . .     Faith    +   (shield currently unavailable)
rNeg     . . .     Spirit   .   O - +6 plate armour of the Quahog {rCorr}
rPois    .         Reflect  .   z - +0 helmet
rElec    .         Harm     .   P - +0 cloak {rC+}
rCorr    +         Rampage  .   q - +0 pair of gloves
Will     ++...                  (no boots)
Stlth    ..........             T - amulet of faith {!P}
HPRegen  0.30/turn              E - +4 ring of evasion
MPRegen  0.14/turn              K - ring of willpower

@: mesmerised, very slow
A: no striking features
a: Renounce Religion, Berserk, Trog's Hand, Brothers in Arms


You were on level 6 of the Lair of Beasts.
You worshipped Trog.
Trog was extremely pleased with you.
You visited 2 branches of the dungeon, and saw 17 of its levels.
You also visited: Ice Cave.

You collected 2487 gold pieces.
You spent 279 gold pieces at shops.


   Skills:
 + Level 12.8 Fighting
 + Level 12.7 Long Blades
 + Level 5.7 Crossbows
 + Level 12.6 Armour
 + Level 12.6 Dodging


You had 14 spell levels left.
You didn't know any spells.
Your spell library was empty.

Inventory:

Hand Weapons
 a - a +4 great sword of flaming
 u - a +5 triple sword of freezing (weapon)
 I - a +0 hand crossbow
Missiles
 b - 2 throwing nets {=f}
 J - 63 bolts
Armour
 i - a +5 plate armour of cold resistance
 q - a +0 pair of gloves (worn)
 r - a +2 cloak
 y - a +3 chain mail of fire resistance
 z - a +0 helmet (worn)
 O - the +6 plate armour of the Quahog (worn) {rCorr}
   (You found it in an ice cave)

   It provides partial protection from all sources of acid and corrosion.
 P - a +0 cloak of cold resistance (worn)
Jewellery
 g - an uncursed amulet of regeneration
 v - an uncursed ring of see invisible
 C - an uncursed ring of protection from cold
 E - a +4 ring of evasion (left hand)
 K - a ring of willpower (right hand)
 N - an uncursed ring of positive energy
 R - an uncursed ring of resist corrosion
 T - an amulet of faith (around neck) {!P}
Wands
 l - a wand of digging (20)
 t - a wand of random effects (18)
 A - a wand of paralysis (10)
 D - a wand of flame (17)
 L - a wand of enslavement (12)
Scrolls
 d - 2 scrolls of magic mapping
 e - 7 scrolls of remove curse {@r2}
 f - 5 scrolls of immolation
 o - 3 scrolls of fog
 B - a scroll of fear
 G - 4 scrolls of identify {@r1}
 M - a scroll of blinking
Potions
 c - a potion of resistance {unknown}
 h - 10 potions of curing {@q1}
 j - a potion of magic {unknown}
 k - 3 potions of flight
 m - 3 potions of ambrosia
 p - 4 potions of haste {@q3}
 w - a potion of attraction {unknown}
 x - 4 potions of cancellation
 F - 3 potions of lignification
 H - 2 potions of might {unknown}

Dungeon Overview and Level Annotations

Branches:
Dungeon (11/15)            Temple (0/1) D:7            Lair (6/6) D:10
 Shoals (0/4) Lair:3       Spider (0/4) Lair:3        Slime (0/5) Lair:5
    Orc (0/2) D:10          IceCv (visited)

Altars:
Ashenzari
Cheibriados
Gozag
Kikubaaqudgha
Okawaru
Sif Muna
Trog
Uskayaw
Vehumet
Yredelemnul
Zin
Jiyva

Shops:
D:4 }   D:7 !   D:8 !:   D:9 [

Portals:
Trove: D:10 (give 13 scrolls of teleportation)

Annotations:
D:8 1 runed translucent door
Lair:5 1 runed translucent door

▒≈▒▒▒▒▒▒▒▒....▒▒▒▒▒▒▒▒≈▒▒.≈#.....
▒≈▒≈ ≈≈≈≈≈≈≈≈8▒8≈≈.≈▒▒≈.#.....
≈≈≈≈ ≈≈≈≈▒≈≈≈≈▒≈≈≈≈≈≈≈.......#
≈≈≈≈ ≈▒▒≈▒≈≈≈▒≈≈≈▒≈≈≈......##
▒≈≈≈≈ ≈≈≈≈≈≈≈≈▒≈≈≈▒≈▒▒≈.....#
.≈▒≈≈ ≈$?)}≈≈≈≈≈≈≈.≈▒▒≈...#.#
≈≈≈≈≈ ≈[W≈W≈≈≈≈P≈≈≈≈≈≈.....#.#
≈≈≈≈ ≈?W≈)≈m≈≈≈P≈≈≈≈≈....#.##
.≈.≈ ≈$[?)W≈@≈≈≈≈.≈▒....#### ▒≈≈P
≈≈≈≈≈≈≈≈▒≈≈≈▒≈▒....# ## ≈≈≈≈
≈≈≈≈≈≈≈≈▒≈≈≈▒≈≈≈..## ##. ≈≈≈≈
≈≈≈≈≈≈≈≈▒≈≈≈≈≈≈≈≈.# ##.. ▒≈▒
≈≈≈≈≈≈≈8▒8≈≈.≈▒...# #P.. ▒≈▒▒
▒▒▒▒▒▒▒▒▒▒▒▒.†▒▒..# ##.. ≈≈≈≈
≈≈≈≈≈≈≈††≈≈≈# #.# ≈≈≈≈
≈≈≈≈≈≈≈††††## ### ▒≈≈▒.≈
.▒≈≈▒▒≈≈▒▒†### .


You could see a merfolk avatar (mesmerising) and 4 drowned souls.


Message History

Your troll bites the drowned soul!
Your troll closely misses the drowned soul.
Your troll misses the drowned soul.
Your unstable footing causes you to fumble your attack.
The drowned soul returns to the deep!
The pull of its song draws you forwards.
The merfolk avatar chants its luring song. x2
Found 126 gold pieces, a scroll of identify and a shiny ring mail.
The drowned soul returns to the deep!
The merfolk avatar chants its luring song.
Your troll bites the merfolk avatar!!
Your troll claws the merfolk avatar!
Your troll closely misses the merfolk avatar.
You chop the drowned soul into pieces!!!
You destroy the drowned soul!
Your troll disappears in a puff of smoke!
The drowned soul touches you. The drowned soul drowns you!
* * * LOW HITPOINT WARNING * * *
The merfolk avatar chants its luring song. x2
You hit the merfolk avatar. You freeze the merfolk avatar.
The merfolk avatar is moderately wounded.
The merfolk avatar chants its luring song.
The drowned soul touches you. The drowned soul drowns you!
* * * LOW HITPOINT WARNING * * *
You slash the merfolk avatar! You freeze the merfolk avatar.
The merfolk avatar is heavily wounded.
The merfolk avatar chants its luring song.
You miss the merfolk avatar.
The merfolk avatar is heavily wounded.
The drowned soul touches you. The drowned soul drowns you!
You die...

Skill      XL: |  1  2  3  4  5  6  7  8  9 10 11 12 13 14 |
---------------+-------------------------------------------+-----
Fighting       | 4 5 6 7 8 9 10 11 12 | 12.8
Long Blades    | 4 5 6 7 8 9 10 11 12 | 12.7
Armour         | 3 4 5 6 8 9 10 11 12 | 12.6
Dodging        | 3 4 5 6 8 9 10 11 12 | 12.6
Crossbows      | 1 5 |  5.7

Action                   |  1- 3 |  4- 6 |  7- 9 | 10-12 | 13-15 || total
-------------------------+-------+-------+-------+-------+-------++-------
Melee: Falchion          |    60 |   101 |   635 |    40 |       ||   836
       Triple sword      |       |       |       |   378 |   644 ||  1022
       Great sword       |       |       |       |   100 |    64 ||   164
Invok: Berserk           |       |     2 |     7 |     7 |     3 ||    19
       Trog's Hand       |       |     1 |     1 |     4 |     2 ||     8
       Brothers in Arms  |       |       |       |     1 |     1 ||     2
  Use: Scroll            |     2 |     2 |     5 |    21 |    13 ||    43
       Potion            |       |       |       |       |     4 ||     4
 Stab: Sleeping          |     1 |       |       |       |       ||     1
Armor: Animal skin       |    14 |     1 |       |       |       ||    15
       Chain mail        |       |    42 |   312 |   206 |       ||   560
       Plate armour      |       |       |       |   104 |   483 ||   587
Dodge: Dodged            |    37 |    52 |   262 |   459 |   764 ||  1574
       Rpst.: Falchion   |    14 |    24 |    77 |     5 |       ||   120
       Triple sword      |       |       |       |    79 |   188 ||   267
       Great sword       |       |       |       |    25 |    11 ||    36

Levels and vault maps discovered:
D:1:      wander_arrival_peaceful_grave, layout_loops_corners,
          serial_bayou_ford_a, grunt_decor_one_mirror
D:2:      layout_basic, nicolae_overflow_crystal_walls,
          gammafunk_temple_overflow_wave, nicolae_gozag_seed_capital
D:3:      layout_rooms, grunt_temple_overflow_magic_moments, marbit_many_paths,
          serial_corexii_hall, corexii_hall_statues_deadend,
          chequers_hall_statues_wall_a, uniq_jessica, uniq_grinder
D:4:      layout_gridville, overflow_temple_1_default, serial_shops, shop,
          minmay_a_box_with_orc_wizards_in_it
D:5:      layout_loops_corners, eat_drink_and_be_merry_uskayaw
D:6:      layout_rooms, lemuel_doored_altar, okawaru_altar_gauntlet_db,
          cheibriados_altar_1, uniq_sigmund
D:7:      layout_loops_ring, minmay_temple_entry_grid, serial_shops, shop,
          dk_yredelemnul_ordeal, uniq_maggie, uniq_duvessa, uniq_menkaure
D:8:      minmay_gate_of_8, layout_basic, serial_shops, kennysheep_mini_moat,
          shop, st_stairs_12, roderic_roman_lattice
D:9:      minmay_the_grid_4x2 [minmay_the_grid_expand,
          minmay_the_grid_outer_diamond, minmay_the_grid_spin_star,
          minmay_the_grid_holed_spiral, minmay_the_grid_pillar_ring,
          minmay_the_grid_fan, minmay_the_grid_aliased_spiral,
          minmay_the_grid_prize_four_corners_diamond_a], layout_rooms,
          serial_shops, shop
D:10:     minmay_general_purpose_star, layout_basic, erik_lair_island,
          david_orc_3, enter_trove_2, ebering_ghost_rock_garden, uniq_joseph
D:11:     minmay_s_stair_smasher, layout_irregular_city, minmay_radiant,
          uniq_nergalle, uniq_urug
Lair:1:   dpeg_oklob_gauntlet, layout_regular_city, kennysheep_abandoned_house
Lair:2:   layout_small_grid
Lair:3:   layout_regular_city, elwin_shoals_entry_rooms,
          spider_nest_entry_funnel_web
Lair:4:   layout_regular_city
Lair:5:   layout_regular_city, slime_altar_2, portal_ice_cave_entry_ice_beasts,
          grunt_megastairs_3, lemuel_fruit_tree
Lair:6:   gammafunk_lair_ancient_temple, layout_hall_layers, kennysheep_rathole

Notes
Turn   | Place    | Note
-------+----------+-------------------------------------------
     0 | D:1      | infcreate the Human Berserker began the quest for the Orb.
     0 | D:1      | Reached XP level 1. HP: 18/18 MP: 1/1
   148 | D:1      | Reached XP level 2. HP: 21/24 MP: 2/2
   569 | D:1      | Reached XP level 3. HP: 28/29 MP: 3/3
  1102 | D:2      | Reached XP level 4. HP: 33/35 MP: 4/4
  1104 | D:2      | Reached ** piety under Trog
  1345 | D:2      | Found a bloodstained altar of Trog.
  1463 | D:2      | Found an opulent altar of Gozag.
  1667 | D:2      | Found a glowing silver altar of Zin.
  1667 | D:2      | Found a snail-covered altar of Cheibriados.
  2096 | D:3      | Found an ancient bone altar of Kikubaaqudgha.
  2096 | D:3      | Found a shimmering blue altar of Sif Muna.
  2096 | D:3      | Noticed Grinder
  2111 | D:3      | Killed Grinder
  2112 | D:3      | Reached skill level 4 in Fighting
  2112 | D:3      | Reached skill level 4 in Long Blades
  2112 | D:3      | Reached skill level 3 in Armour
  2112 | D:3      | Reached skill level 3 in Dodging
  2112 | D:3      | Reached XP level 5. HP: 42/42 MP: 5/5
  2112 | D:3      | Reached XP level 6. HP: 48/48 MP: 6/6
  2119 | D:3      | Noticed Jessica
  2230 | D:3      | Killed Jessica
  2234 | D:3      | Found a radiant altar of Vehumet.
  2255 | D:3      | Identified Vehumet's Guide on Attacks
  2771 | D:3      | Reached XP level 7. HP: 48/55 MP: 7/7
  3054 | D:3      | Found an opulent altar of Gozag.
  3193 | D:4      | Reached skill level 4 in Armour
  3193 | D:4      | Reached skill level 4 in Dodging
  3949 | D:4      | Found Wiklu's Gadget Shop.
  4269 | D:3      | Reached skill level 5 in Fighting
  4406 | D:4      | Reached *** piety under Trog
  4479 | D:4      | Reached skill level 5 in Long Blades
  4479 | D:4      | Reached XP level 8. HP: 56/62 MP: 8/8
  5080 | D:4      | Found a broken altar of Ashenzari.
  5558 | D:5      | Entered Level 5 of the Dungeon
  5577 | D:5      | Reached skill level 5 in Dodging
  5638 | D:5      | Reached skill level 5 in Armour
  6031 | D:5      | Reached skill level 6 in Fighting
  6162 | D:5      | Reached skill level 6 in Long Blades
  6162 | D:5      | Reached XP level 9. HP: 25/69 MP: 9/9
  7440 | D:5      | Found a hide-covered altar of Uskayaw.
  7676 | D:6      | Found a snail-covered altar of Cheibriados.
  7800 | D:6      | Found an iron altar of Okawaru.
  7810 | D:6      | Reached **** piety under Trog
  7912 | D:6      | Reached skill level 6 in Armour
  7912 | D:6      | Reached skill level 6 in Dodging
  8172 | D:6      | Noticed Sigmund
  8180 | D:6      | Found a basalt altar of Yredelemnul.
  8195 | D:6      | Killed Sigmund
  8372 | D:7      | Found a staircase to the Ecumenical Temple.
  8411 | D:7      | Noticed Menkaure
  8455 | D:7      | Killed Menkaure
  8990 | D:7      | Found Quqeedatumm's Distillery.
  9009 | D:7      | Reached skill level 7 in Fighting
  9032 | D:7      | Noticed Dowan
  9032 | D:7      | Noticed Duvessa
  9070 | D:7      | Killed Duvessa
  9071 | D:7      | Reached skill level 7 in Long Blades
  9073 | D:7      | Killed Dowan
  9326 | D:7      | Reached XP level 10. HP: 74/79 MP: 10/10
  9456 | D:7      | Found a runed translucent door.
  9460 | D:7      | Found a basalt altar of Yredelemnul.
  9506 | D:7      | Reached ***** piety under Trog
  9512 | D:7      | Noticed Maggie
  9530 | D:7      | Killed Maggie
  9531 | D:7      | Reached skill level 7 in Armour
  9531 | D:7      | Reached skill level 7 in Dodging
  9914 | D:8      | Identified a scroll of acquirement
  9914 | D:8      | Acquired a +1 vorpal triple sword
 10302 | D:8      | Found a runed translucent door.
 10302 | D:8      | Noticed a skeletal warrior
 10302 | D:8      | Noticed a flayed ghost
 10302 | D:8      | Noticed a centaur warrior
 10304 | D:8      | Noticed a centaur warrior
 10304 | D:8      | Noticed a boulder beetle
 10304 | D:8      | Identified the cursed +2 falchion "Goblinslayer" {elec, rF+
                  | Str+3 Int+3}
 10304 | D:8      | Noticed a centaur warrior
 10304 | D:8      | Noticed a yaktaur captain
 10330 | D:8      | Found Plog's Book Shoppe.
 10671 | D:8      | Paralysed by a hornet for 3 turns
 10676 | D:8      | Paralysed by a hornet for 3 turns
 11036 | D:8      | Found Gerph's Distillery.
 11269 | D:9      | Reached skill level 8 in Fighting
 11341 | D:9      | Reached skill level 8 in Long Blades
 11512 | D:9      | Noticed a centaur warrior
 11537 | D:8      | Reached skill level 8 in Armour
 11537 | D:8      | Reached skill level 8 in Dodging
 11781 | D:9      | Found Xejo's Armour Shop.
 11786 | D:9      | Bought a +2 chain mail of fire resistance for 279 gold
                  | pieces
 12071 | D:9      | Reached XP level 11. HP: 81/87 MP: 11/11
 12213 | D:9      | Received a gift from Trog
 12571 | D:9      | Killed a centaur warrior
 12746 | D:9      | Reached skill level 9 in Fighting
 12921 | D:10     | Entered Level 10 of the Dungeon
 13009 | D:10     | Killed an unseen horror
 13010 | D:10     | Reached skill level 9 in Long Blades
 13261 | D:10     | Found a staircase to the Orcish Mines.
 13263 | D:10     | Found a runed translucent gate.
 13263 | D:10     | Found a runed translucent gate.
 13264 | D:10     | Found a runed translucent gate.
 13284 | D:10     | Noticed TotesWizzard's ghost (novice MiWn)
 13334 | D:10     | Reached skill level 9 in Dodging
 13336 | D:10     | Reached skill level 9 in Armour
 13774 | D:10     | Noticed Joseph
 13798 | D:10     | Killed Joseph
 14122 | D:10     | Found a portal to a secret trove of treasure.
 14272 | D:10     | Found a staircase to the Lair.
 14341 | D:11     | Noticed a white ugly thing
 14341 | D:11     | Noticed a cyclops
 14432 | D:11     | Killed a cyclops
 14563 | D:11     | Noticed Nergalle
 14588 | D:11     | Killed Nergalle
 14589 | D:11     | Reached XP level 12. HP: 95/97 MP: 12/12
 14829 | D:11     | Reached skill level 10 in Fighting
 14832 | D:11     | Reached skill level 10 in Long Blades
 14843 | D:11     | Noticed a two-headed ogre
 14851 | D:11     | Killed a two-headed ogre
 15190 | D:11     | Reached skill level 10 in Armour
 15190 | D:11     | Reached skill level 10 in Dodging
 15216 | D:11     | Received a gift from Trog
 15662 | D:11     | Noticed Urug
 16174 | D:11     | Killed Urug
 16589 | Lair:1   | Entered Level 1 of the Lair of Beasts
 16766 | Lair:1   | Reached XP level 13. HP: 105/105 MP: 13/13
 16992 | Lair:1   | Received a gift from Trog
 17093 | Lair:1   | Reached skill level 11 in Fighting
 17124 | Lair:1   | Reached skill level 11 in Long Blades
 17615 | D:10     | Killed TotesWizzard's ghost
 17981 | Lair:1   | Reached skill level 11 in Armour
 18007 | Lair:1   | Reached skill level 11 in Dodging
 20703 | Lair:3   | Found a hole to the Spider Nest.
 20885 | Lair:3   | Noticed a four-headed hydra
 20893 | Lair:3   | Killed a one-headed hydra
 20894 | Lair:3   | Reached skill level 1 in Crossbows
 21141 | Lair:3   | Received a gift from Trog
 21398 | Lair:3   | Found a staircase to the Shoals.
 21663 | Lair:4   | Reached XP level 14. HP: 114/114 MP: 14/14
 21665 | Lair:4   | Reached skill level 2 in Crossbows
 22414 | Lair:3   | Reached skill level 12 in Fighting
 22962 | Lair:5   | Reached skill level 3 in Crossbows
 22963 | Lair:5   | Reached skill level 12 in Long Blades
 23006 | Lair:5   | Found a frozen archway.
 23077 | IceCv    | Entered an ice cave
 23261 | IceCv    | Killed a reaper
 23311 | IceCv    | Received a gift from Trog
 24239 | IceCv    | Got a twisted plate armour
 24261 | IceCv    | Identified the +6 plate armour of the Quahog {rCorr} (You
                  | found it in an ice cave)
 24336 | Lair:5   | Acquired 1108 gold pieces
 24444 | Lair:5   | Reached skill level 12 in Armour
 24461 | Lair:5   | Reached skill level 12 in Dodging
 24564 | Lair:4   | Reached skill level 4 in Crossbows
 24774 | Lair:5   | Found a runed translucent door.
 24774 | Lair:5   | Found a viscous altar of Jiyva.
 24774 | Lair:5   | Noticed an acid blob
 24775 | Lair:5   | Found a staircase to the Slime Pits.
 25160 | Lair:6   | Entered Level 6 of the Lair of Beasts
 25932 | Lair:5   | Reached ****** piety under Trog
 25932 | Lair:5   | Received a gift from Trog
 26160 | Lair:6   | Reached skill level 5 in Crossbows
 26539 | Lair:6   | Reached XP level 15. HP: 104/122 MP: 15/15
 27720 | Lair:6   | HP: 11/122 [elephant (12)]
 27727 | Lair:6   | HP: 11/122 [wyvern (9)]
 27727 | Lair:6   | HP: 5/122 [elephant (1)]
 27741 | Lair:6   | HP: 8/122 [drowned by a drowned soul[a merfolk avatar] (9)]
 27743 | Lair:6   | Drowned by a drowned soul

Vanquished Creatures
  2 hydras
  A two-headed ogre (D:11)
  A centaur warrior (D:9)
  The ghost of TotesWizzard the Carver, a novice MiWn of Makhleb (D:10)
  4 death yaks (Lair:5)
  Urug (D:11)
  Nergalle (D:11)
  An unseen horror (D:10)
  A harpy (Lair:6)
  A wolf spider (Lair:3)
  A cyclops (D:11)
  2 ugly things (D:11)
  3 manticores
  2 oklob plants (Lair:1)
  4 black mambas
  2 ice statues (IceCv)
  8 elephants
  Joseph (D:10)
  A torpor snail (Lair:3)
  Maggie (D:7)
  15 cane toads
  3 rime drakes
  A kobold demonologist (D:11)
  13 komodo dragons
  7 ice devils (IceCv)
  7 trolls
  4 polar bears
  A merfolk (Lair:3)
  Grinder (D:3)
  A jumping spider (Lair:3)
  15 blink frogs
  A wind drake (Lair:6)
  4 dream sheep (Lair:3)
  3 hornets
  A meliai zombie (D:10)
  Sigmund (D:6)
  A redback (Lair:3)
  A shadow (D:9)
  47 yaks
  4 wraiths
  A human (D:7)
  11 wyverns
  2 basilisks
  Menkaure (D:7)
  Duvessa (D:7)
  9 orc warriors
  16 water moccasins
  10 ice beasts
  4 sky beasts (D:5)
  A black bear (D:8)
  5 ogres
  2 phantoms
  A necrophage (D:10)
  An eye of draining (shapeshifter) (D:11)
  16 centaurs
  9 wolves
  14 bullfrogs
  3 big kobolds
  A gnoll sergeant (D:8)
  Dowan (D:7)
  7 scorpions
  2 wights
  3 killer bees (D:11)
  3 howler monkeys
  2 electric eels
  A bullfrog zombie (D:5)
  A quasit (D:9)
  2 jellies
  5 bullfrog skeletons
  5 hounds
  5 orc priests
  5 centaur skeletons
  A gnoll shaman (D:5)
  17 orc wizards
  Jessica (D:3)
  3 iguanas
  5 hell rats
  8 worker ants
  A hound zombie (D:8)
  A hound skeleton (D:10)
  A worker ant zombie (D:9)
  A howler monkey zombie (D:5)
  18 gnolls
  12 adders
  2 howler monkey skeletons (D:8)
  14 river rats
  A shadow imp (D:10)
  12 white imps
  4 oozes
  7 ufetubi
  3 worms
  An adder skeleton (D:7)
  2 adder zombies
  5 leopard geckos
  41 orcs
  4 bats
  3 giant cockroaches
  5 goblins
  8 hobgoblins
  9 jackals
  2 quokkas
  A ball python (D:7)
  4 frilled lizards
  A goblin zombie (D:7)
  20 kobolds
  A leopard gecko skeleton (D:4)
  A quokka skeleton (D:5)
  9 rats
549 creatures vanquished.

Vanquished Creatures (collateral kills)
  2 manticores (Lair:6)
  3 elephants (Lair:6)
  A cane toad (Lair:6)
  A rime drake (Lair:6)
  2 yaks (Lair:6)
  2 wyverns (Lair:6)
  2 river rats (Lair:6)
  A rat (Lair:6)
14 creatures vanquished.

Vanquished Creatures (others)
  A reaper (IceCv)
  2 orc wizards
  4 white imps (IceCv)
  2 ufetubi (IceCv)
  75 fungi
  72 plants
156 creatures vanquished.

Grand Total: 719 creatures vanquished

Table legend: (Time is in decaauts)
 A = Elapsed time spent in this place.
 B = Non-inter-level travel time spent in this place.
 C = Inter-level travel time spent in this place.
 D = Time resting spent in this place.
 E = Time spent auto-exploring this place.
 F = Levels seen in this place.
 G = Mean time per level.
                   A        B        C        D        E       F      G
               +--------+--------+--------+--------+--------+-----+--------+
         Total |  28438 |  26664 |   1774 |  12170 |      0 |  18 | 1579.9 |
       Dungeon |  17428 |  16150 |   1278 |   6973 |      0 |  11 | 1584.4 |
          Lair |   9712 |   9216 |    496 |   4421 |      0 |   6 | 1618.7 |
      Ice Cave |   1297 |   1297 |      0 |    775 |      0 |   1 | 1297.0 |
               +--------+--------+--------+--------+--------+-----+--------+

Top non-repeatable levels by time:
     D:4: 2359 daAuts
    D:11: 2263 daAuts
  Lair:1: 2041 daAuts
     D:5: 1964 daAuts
  Lair:6: 1896 daAuts
    D:10: 1832 daAuts
     D:7: 1786 daAuts
     D:8: 1586 daAuts
     D:9: 1575 daAuts
  Lair:3: 1562 daAuts
  Lair:2: 1553 daAuts
  Lair:5: 1553 daAuts
     D:2: 1532 daAuts
   IceCv: 1297 daAuts
  Lair:4: 1105 daAuts

Table legend:
 A = Non-vault XP
 B = Vault XP
 C = Vault XP percentage of total XP
 D = Non-vault monster count
 E = Vault monster count
 F = Vault count percentage of total count
                 A         B        C        D         E       F
            +---------+---------+-------+---------+---------+-------
      Total |   52687 |   29348 |  35.8 |     391 |     174 |  30.8
            +---------+---------+-------+---------+---------+-------
        D:1 |      39 |       0 |   0.0 |      20 |       0 |   0.0
        D:2 |     132 |       0 |   0.0 |      22 |       0 |   0.0
        D:3 |     143 |     333 |  70.0 |      16 |       3 |  15.8
        D:4 |     447 |     231 |  34.1 |      17 |       6 |  26.1
        D:5 |    1164 |       0 |   0.0 |      26 |       0 |   0.0
        D:6 |     228 |     256 |  52.9 |       6 |       7 |  53.8
        D:7 |     570 |    1121 |  66.3 |      17 |       7 |  29.2
        D:8 |    1085 |     328 |  23.2 |      27 |       1 |   3.6
        D:9 |    2095 |    1823 |  46.5 |      24 |      13 |  35.1
       D:10 |    2528 |    2982 |  54.1 |      25 |      19 |  43.2
       D:11 |    6070 |    5654 |  48.2 |      53 |      23 |  30.3
     Lair:1 |    6782 |    1664 |  19.7 |      26 |      18 |  40.9
     Lair:2 |    4731 |       0 |   0.0 |      18 |       0 |   0.0
     Lair:3 |    5234 |    1377 |  20.8 |      19 |       4 |  17.4
     Lair:4 |    5578 |       0 |   0.0 |      23 |       0 |   0.0
     Lair:5 |    8771 |    2218 |  20.2 |      28 |      13 |  31.7
     Lair:6 |    7090 |    7934 |  52.8 |      24 |      36 |  60.0
      IceCv |       0 |    3427 | 100.0 |       0 |      24 | 100.0
            +---------+---------+-------+---------+---------+-------
